 Dungeon Crawl Stone Soup version 0.31-a0-609-g7bf6ffcfed (webtiles) character file.

Game seed: 9451446485581422449

98 rddays123 the Covered (level 4, -10/41 HPs)
             Began as a Minotaur Fighter on Aug 22, 2023.
             Killed by divine providence
             ... invoked by an orc priest
              (13 damage)
             ... on level 3 of the Dungeon.
             The game lasted 00:02:03 (1363 turns).

rddays123 the Covered (Minotaur Fighter)            Turns: 1363, Time: 00:02:03

Health: -10/41     AC:  8    Str: 23    XL:     4   Next: 43%
Magic:  3/3        EV:  9    Int:  5    God:
Gold:   99         SH:  4    Dex:  9    Spells: 3/3 levels left

rFire   . . .        a - +0 war axe
rCold   . . .        c - +0 buckler
rNeg    . . .        b - +0 scale mail
rPois   .            (helmet restricted)
rElec   .            (no cloak)
rCorr   .            o - +0 pair of gloves
SInv    .            (no boots)
Will    .....        (no amulet) Stlth
                     (no ring)
HPRegen 0.26/turn    (no ring)
MPRegen 0.08/turn

%: no passive effects
@: no status effects
A: horns 2, retaliatory headbutt
a: no special abilities


You were on level 3 of the Dungeon.
You visited 1 branch of the dungeon, and saw 3 of its levels.

You collected 99 gold pieces.

Inventory:

Hand Weapons
 a - a +0 war axe (weapon)
Armour
 b - a +0 scale mail (worn)
 c - a +0 buckler (worn)
 o - a +0 pair of gloves (worn)
Scrolls
 f - a scroll of revelation {unknown}
 g - a scroll of noise {unknown}
 i - a scroll of brand weapon {unknown}
 k - a scroll of identify {unknown}
 l - a scroll of amnesia {unknown}
 m - a scroll of enchant armour {unknown}
 n - a scroll of fear {unknown}
 q - 2 scrolls of poison {unknown}
Potions
 d - a potion of might
 e - 2 potions of haste {unknown}
 h - a potion of lignification {unknown}
 j - 2 potions of heal wounds {unknown}
 p - a potion of curing {unknown}


   Skills:
 + Level 4.4 Fighting
 + Level 3.4 Axes
 + Level 4.5 Armour
 + Level 4.4 Shields


You had 3 spell levels left.
You didn't know any spells.
Your spell library was empty.

Dungeon Overview and Level Annotations

Branches:
Dungeon (3/15)

Altars:

Annotations:
D:3 1 runed translucent door


Innate Abilities, Weirdness & Mutations

You have a pair of horns on your head.
You reflexively headbutt those who attack you in melee.


Message History

The orc priest shouts!
You hear a shout!
You hear an angry hiss.
An adder comes into view.
An endoplasm comes into view.
An orc comes into view. It is wielding a +0 trident.
The orc priest mumbles some strange prayers to Beogh against you.
You barely resist. The orc priest barely misses you. You furiously retaliate!
You headbutt the orc priest! You slash the orc priest!
You kill the orc priest!
You hit the orc priest but do no damage.
The orc closely misses you.
The orc priest hits you with a +0 flail.
You barely miss the orc priest. The orc misses you.
The orc priest hits you with a +0 flail.
You hit the orc priest but do no damage.
You headbutt the orc priest.
The orc priest is moderately wounded.
The orc priest hits you with a +0 flail.
The orc hits you from afar with a +0 trident.
You block the orc's attack. You block the endoplasm's attack.
The orc priest mumbles some strange prayers to Beogh against you.
Beogh smites you!
* * * LOW HITPOINT WARNING * * *
You slash the orc priest!
The orc priest is almost dead.
You hit the endoplasm.
You kill the endoplasm!
The orc priest invokes the aid of Beogh against you.
Beogh smites you!
* * * LOW HITPOINT WARNING * * *
The orc closely misses you.
You barely miss the orc priest.
The orc priest is almost dead.
You block the orc priest's attack. The orc barely misses you.
You block the orc's attack. The orc priest barely misses you.
You closely miss the orc priest.
The orc priest is almost dead.
You block the orc's attack.
The orc priest calls down the wrath of Beogh upon you.
Beogh smites you!
You die...

#.# #.# #.# #.# #.#
#############
#.###...........#
###.##.......####.#
........####..)...#
###.#..## ##.##@)#
#....... #.##o.oS....
###...##..#.###.#.####
#..## #.# .# # #..#
..# .# #..# ..# .$
#..# #.# ##


You could see an orc priest, an adder and an orc.

Vanquished Creatures
  An orc priest (D:3)
  An adder (D:2)
  A worm (D:3)
  2 dart slugs
  An orc (D:3)
  5 endoplasms
  A giant cockroach (D:2)
  3 goblins
  6 hobgoblins
  4 jackals (D:1)
  3 kobolds
  4 quokkas
  3 ball pythons
  4 bats
  2 frilled lizards (D:1)
  6 rats
47 creatures vanquished.

Notes
Turn   | Place    | Note
-------+----------+-------------------------------------------
     0 | D:1      | rddays123 the Minotaur Fighter began the quest for the Orb.
     0 | D:1      | Reached XP level 1. HP: 19/19 MP: 0/0
   227 | D:1      | Reached XP level 2. HP: 25/27 MP: 1/1
   629 | D:2      | Reached XP level 3. HP: 33/33 MP: 2/2
  1270 | D:3      | Found a runed translucent door.
  1355 | D:3      | Reached XP level 4. HP: 41/41 MP: 3/3
  1361 | D:3      | HP: 2/41 [orc priest/divine providence (11)]
  1363 | D:3      | Killed from afar by an orc priest

Illustrated notes

Levels and vault maps discovered:
D:1:      heliophobic_arrival_glass_houses, layout_basic
D:2:      layout_basic, kennysheep_nondescript
D:3:      kennysheep_slugbush, layout_loops_ring, gammafunk_ghost_grave,
          minmay_close_crescents

Skill      XL: |  1  2 |
---------------+-------+-----
Armour         | 4 |  4.5
Shields        | 4 |  4.4
Fighting       | 4 |  4.4
Axes           | 3 |  3.4

Action                     |  1- 3 |  4- 6 || total
---------------------------+-------+-------++-------
  Melee: War axe           |    73 |     6 ||    79
         Headbutt          |    10 |     1 ||    11
 Armour: Scale mail        |    29 |       ||    29
  Dodge: Dodged            |    42 |     6 ||    48
  Block: Buckler           |    14 |     5 ||    19

Table legend: (Time is in decaauts)
 A = Elapsed time spent in this place.
 B = Non-inter-level travel time spent in this place.
 C = Inter-level travel time spent in this place.
 D = Time resting spent in this place.
 E = Time spent auto-exploring this place.
 F = Levels seen in this place.
 G = Mean time per level.
                   A        B        C        D        E       F      G
               +--------+--------+--------+--------+--------+-----+--------+
         Total |   1393 |   1322 |     71 |      0 |   1064 |   3 |  464.3 |
       Dungeon |   1393 |   1322 |     71 |      0 |   1064 |   3 |  464.3 |
               +--------+--------+--------+--------+--------+-----+--------+

Top non-repeatable levels by time:
     D:1: 599 daAuts
     D:2: 484 daAuts
     D:3: 308 daAuts
